 Dungeon Crawl Stone Soup version 0.30-a0-149-g7f746667c4 (webtiles) character file.

Game seed: 12127867474598426205

207 themarg the Insei (level 5, 0/41 HPs)
             Began as a Gnoll Transmuter on Sept 26, 2022.
             Was a Believer of Wu Jian.
             Slain by an adder (1 damage)
             ... on level 5 of the Dungeon.
             The game lasted 00:07:51 (2753 turns).

themarg the Insei (Gnoll Transmuter)                Turns: 2753, Time: 00:07:52

Health: 0/41       AC:  2    Str: 16    XL:     5   Next: 85%
Magic:  7/12       EV: 22    Int: 14    God:    Wu Jian [**....]
Gold:   100        SH:  0    Dex: 17    Spells: 8/14 levels left

rFire   . . .      SeeInvis .      - Unarmed
rCold   . . .      Faith    .    (shield currently unavailable)
rNeg    . . .      Spirit   .    (body armour currently unavailable)
rPois   x          Reflect  .    (helmet currently unavailable)
rElec   .          Harm     .    (cloak currently unavailable)
rCorr   .          Rampage  .    (gloves currently unavailable)
Will    .....                    (boots currently unavailable)
Stlth   ++........               r - amulet of the acrobat
HPRegen 0.13/turn                m - +6 ring of strength
MPRegen 0.13/turn                (no ring)

@: lethally poisoned (0 -> -7), spider-form
A: venomous fangs, tiny, (fangs 1), strong nose, distributed training
a: End Transformation, Renounce Religion, Wall Jump


You were on level 5 of the Dungeon.
You worshipped Wu Jian.
Wu Jian was pleased with you.
You were a venomous arachnid creature.
You visited 1 branch of the dungeon, and saw 4 of its levels.

You collected 100 gold pieces.

Inventory:

Hand Weapons
 h - a +2 short sword of venom (melded)
Armour
 a - a +0 robe (melded)
 i - a +0 pair of boots (melded)
Jewellery
 m - a +6 ring of strength (left front leg)
 r - an amulet of the acrobat (around neck)
Scrolls
 d - a scroll of immolation {unknown}
 g - 2 scrolls of poison {unknown}
 j - 8 scrolls of identify {unknown}
 k - a scroll of blinking {unknown}
 q - a scroll of teleportation {unknown}
Potions
 b - 2 potions of lignification
 c - a potion of attraction {unknown}
 e - a potion of might {unknown}
 f - a potion of heal wounds {unknown}
 l - a potion of resistance {unknown}
 n - a potion of magic {unknown}
 o - 2 potions of degeneration {unknown}
 p - a potion of curing {unknown}


   Skills:
 + Level 3.1 Fighting
 + Level 1.7 Short Blades
 + Level 1.7 Long Blades
 + Level 1.7 Axes
 + Level 1.7 Maces & Flails
 + Level 1.7 Polearms
 + Level 1.7 Staves
 + Level 1.7 Ranged Weapons
 + Level 1.7 Throwing
 + Level 1.7 Armour
 + Level 4.9 Dodging
 + Level 1.7 Stealth
 + Level 1.7 Shields
 + Level 6.7 Unarmed Combat
 + Level 5.3 Spellcasting
 + Level 1.3 Conjurations
 + Level 1.3 Hexes
 + Level 1.3 Summonings
 + Level 1.3 Necromancy
 + Level 1.3 Translocations
 + Level 4.0 Transmutations
 + Level 1.3 Fire Magic
 + Level 1.3 Ice Magic
 + Level 1.3 Air Magic
 + Level 1.3 Earth Magic
 + Level 1.3 Poison Magic
 + Level 2.0 Invocations
 + Level 1.7 Evocations


You had 8 spell levels left.
You knew the following spells:

 Your Spells              Type           Power      Damage    Failure   Level
a - Beastly Appendage     Tmut           30%        N/A       11%         1
b - Wereblood             Tmut           15%        N/A       14%         2
c - Spider Form           Tmut/Pois      11%        N/A       36%         3

Your spell library contained the following spells:

 Spells                   Type           Power      Damage    Failure   Level
 Shock                    Conj/Air       28%        1d4       24%         1
 Ice Form                 Ice/Tmut       11%        N/A       71%         4


Dungeon Overview and Level Annotations

Branches:
Dungeon (3/15)

Altars:
Wu Jian

Shops:
D:1 [


Innate Abilities, Weirdness & Mutations

You are a venomous arachnid creature.
You have poisonous fangs.
You are tiny and dextrous.
Your spellcasting is less reliable in this form.
Your armour is entirely melded.
You are incapable of wielding weapons or throwing items.
((You have very sharp teeth.))
Your uncanny sense of smell can sniff out nearby items.
Your experience applies equally to all skills.


Message History

The adder completely misses you.
You spin and attack the adder.
You hit the adder.
The adder is heavily wounded.
Your transformation has ended.
Your +2 short sword of venom unmelds from your body.
Your +0 pair of boots unmelds from your body.
Your +0 robe unmelds from your body.
Your +2 short sword of venom begins to drip with poison!
You feel very sick. The adder bites you.
* * * LOW HITPOINT WARNING * * *
You are more poisoned.
The adder poisons you!
You closely miss the adder. Your bite misses the adder.
The adder is heavily wounded.
* * * LOW HITPOINT WARNING * * *
You feel very sick. The adder closely misses you.
Casting: Spider Form (quite dangerous; 17% risk of failure)
Confirm with . or Enter, or press ? or * to list all spells.
The spell is quite dangerous to miscast (17% risk of failure)!
Continue anyway?
You turn into a venomous arachnid creature.
Your +2 short sword of venom melds into your body.
Your +0 pair of boots melds into your body.
Your +0 robe melds into your body.
Your +2 short sword of venom stops dripping with poison.
* * * LOW HITPOINT WARNING * * *
You feel very sick. The adder completely misses you.
The hound completely misses you. The adder misses you.
You closely miss the adder.
The adder is almost dead.
* * * LOW HITPOINT WARNING * * *
You feel sick. The hound closely misses you. The adder misses you.
The hound misses you.
You hit the hound.
The hound is moderately wounded.
* * * LOW HITPOINT WARNING * * *
You feel sick. The hound barely misses you. The adder bites you.
You die...

#.. ... #.. ..# #.
#..##..# #.##.....?
#........ #.....#
#.....### ##.....##
#....S..# ##.......##
###...hs..###.........#
.............+.........+
.######....###.........#
##.#.# #.......# ###.#
#.....# ####.# #...#
#....# ##'## #.#### #.#
#.# #.#


You could see a hound and an adder (poisoned).

Vanquished Creatures
  A scorpion (D:5)
  An orc priest (D:3)
  3 adders (D:3)
  A gnoll (D:1)
  3 worms (D:2)
  A dart slug (D:3)
  2 orcs (D:3)
  10 ball pythons
  5 endoplasms
  2 giant cockroaches (D:1)
  9 goblins
  2 hobgoblins
  3 jackals (D:2)
  2 kobolds
  4 quokkas
  3 bats (D:1)
  8 frilled lizards
  10 rats
70 creatures vanquished.

Vanquished Creatures (others)
  A fungus (D:1)
  A plant (D:1)
2 creatures vanquished.

Grand Total: 72 creatures vanquished

Notes
Turn   | Place    | Note
-------+----------+-------------------------------------------
     0 | D:1      | themarg the Gnoll Transmuter began the quest for the Orb.
     0 | D:1      | Reached XP level 1. HP: 17/17 MP: 6/6
    91 | D:1      | Reached XP level 2. HP: 9/23 MP: 5/7
   463 | D:1      | Found Erab's Antique Armour Boutique.
   746 | D:1      | Learned a level 2 spell: Wereblood
  1131 | D:1      | Reached skill level 5 in Spellcasting
  1131 | D:1      | Reached XP level 3. HP: 27/28 MP: 5/9
  1135 | D:1      | Learned a level 3 spell: Spider Form
  1200 | D:1      | Reached skill level 1 in Invocations
  1207 | D:1      | Found a faded altar of an unknown god.
  1216 | D:1      | Got Plato's Octavo of Feathers
  1217 | D:1      | Prayed at the altar of an unknown god.
  1217 | D:1      | Became a worshipper of the Wu Jian Council
  1217 | D:1      | Reached * piety under Wu Jian
  1523 | D:2      | Reached skill level 1 in Short Blades
  1523 | D:2      | Reached skill level 1 in Long Blades
  1523 | D:2      | Reached skill level 1 in Axes
  1523 | D:2      | Reached skill level 1 in Maces & Flails
  1523 | D:2      | Reached skill level 1 in Polearms
  1523 | D:2      | Reached skill level 1 in Staves
  1523 | D:2      | Reached skill level 1 in Ranged Weapons
  1523 | D:2      | Reached skill level 1 in Throwing
  1523 | D:2      | Reached skill level 1 in Armour
  1523 | D:2      | Reached skill level 1 in Stealth
  1523 | D:2      | Reached skill level 1 in Shields
  1523 | D:2      | Reached skill level 1 in Evocations
  1744 | D:2      | Reached XP level 4. HP: 33/34 MP: 9/11
  1795 | D:2      | Reached ** piety under Wu Jian
  2212 | D:3      | Reached skill level 1 in Conjurations
  2212 | D:3      | Reached skill level 1 in Hexes
  2212 | D:3      | Reached skill level 1 in Summonings
  2212 | D:3      | Reached skill level 1 in Necromancy
  2212 | D:3      | Reached skill level 1 in Translocations
  2212 | D:3      | Reached skill level 1 in Fire Magic
  2212 | D:3      | Reached skill level 1 in Ice Magic
  2212 | D:3      | Reached skill level 1 in Air Magic
  2212 | D:3      | Reached skill level 1 in Earth Magic
  2212 | D:3      | Reached skill level 1 in Poison Magic
  2666 | D:3      | Reached XP level 5. HP: 40/40 MP: 10/12
  2689 | D:3      | You fall into a shaft and drop 2 floors!
  2689 | D:5      | Entered Level 5 of the Dungeon
  2753 | D:5      | HP: 1/41 [poisoned by an adder]
  2753 | D:5      | Slain by an adder

Illustrated notes

Levels and vault maps discovered:
D:1:      dpeg_arrival_three_bigger_balls, layout_basic, serial_shops,
          nicolae_shop_crystal, shapermc_ecumenical_altar_rom_forum,
          serial_park_tiny_1
D:2:      layout_basic
D:3:      layout_basic, ebering_ghost_inner_flame
D:5:      layout_loops_corners, fedhas_altar_3, elyvilon_altar_4,
          kennysheep_flooded_box

Skill      XL: |  1  2  3  4  5 |
---------------+----------------+-----
Spellcasting   | 5 |  5.3
Invocations    | 1 2 |  2.0
Short Blades   | 1 |  1.7
Long Blades    | 1 |  1.7
Axes           | 1 |  1.7
Maces & Flails | 1 |  1.7
Polearms       | 1 |  1.7
Staves         | 1 |  1.7
Ranged Weapons | 1 |  1.7
Throwing       | 1 |  1.7
Armour         | 1 |  1.7
Stealth        | 1 |  1.7
Shields        | 1 |  1.7
Evocations     | 1 |  1.7
Conjurations   | 1 |  1.3
Hexes          | 1 |  1.3
Summonings     | 1 |  1.3
Necromancy     | 1 |  1.3
Translocations | 1 |  1.3
Fire Magic     | 1 |  1.3
Ice Magic      | 1 |  1.3
Air Magic      | 1 |  1.3
Earth Magic    | 1 |  1.3
Poison Magic   | 1 |  1.3
Fighting       | 3 |  3.1
Transmutations | 4 |  4.0
Dodging        | |  4.9
Unarmed Combat | |  6.7

Action                   |  1- 3 |  4- 6 || total
-------------------------+-------+-------++-------
Melee: Mace              |    30 |       ||    30
       Kick              |    16 |     6 ||    22
       Punch             |     2 |     3 ||     5
       Bite              |     5 |     4 ||     9
       Short sword       |    62 |    42 ||   104
       Headbutt          |    10 |     9 ||    19
       Unarmed           |       |    24 ||    24
 Cast: Beastly Appendage |    24 |    10 ||    34
       Wereblood         |     2 |     1 ||     3
       Spider Form       |       |     4 ||     4
Invok: Whirlwind         |     8 |    31 ||    39
       Lunge             |     6 |     9 ||    15
 Stab: Sleeping          |     3 |       ||     3
Armor: Robe              |    21 |     1 ||    22
       Skin              |       |     1 ||     1
Dodge: Dodged            |    88 |    34 ||   122

Table legend: (Time is in decaauts)
 A = Elapsed time spent in this place.
 B = Non-inter-level travel time spent in this place.
 C = Inter-level travel time spent in this place.
 D = Time resting spent in this place.
 E = Time spent auto-exploring this place.
 F = Levels seen in this place.
 G = Mean time per level.
                   A        B        C        D        E       F      G
               +--------+--------+--------+--------+--------+-----+--------+
         Total |   2759 |   2701 |     58 |    890 |   1200 |   4 |  689.8 |
       Dungeon |   2759 |   2701 |     58 |    890 |   1200 |   4 |  689.8 |
               +--------+--------+--------+--------+--------+-----+--------+

Top non-repeatable levels by time:
     D:1: 1512 daAuts
     D:2: 903 daAuts
     D:3: 280 daAuts
     D:5: 63 daAuts
